 Dungeon Crawl Stone Soup version 0.28-a0-724-g66f9036eb4 (webtiles) character file.

Game seed: 8984618232167716839

74 Ijustatesigmund the Covert (level 4, -2/41 HPs)
             Began as a Gnoll Delver on Oct 27, 2021.
             Slain by a human zombie (6 damage)
             ... in an ossuary.
             The game lasted 00:02:12 (383 turns).

Ijustatesigmund the Covert (Gnoll Delver)            Turns: 383, Time: 00:02:12

Health: -2/41      AC:  4    Str: 11    XL:     4   Next: 30%
Magic:  5/5        EV: 13    Int: 10    God:
Gold:   23         SH:  0    Dex: 14    Spells: 5/5 levels left

rFire   . . .      SeeInvis .   a - +0 hand axe
rCold   . . .      Faith    .   (no shield)
rNeg    . . .      Spirit   .   b - +1 leather armour
rPois   .          Reflect  .   (no helmet)
rElec   .          Harm     .   (no cloak)
rCorr   .          Rampage  .   (no gloves)
Will    .....                   (no boots)
Stlth   ++++......              (no amulet)
HPRegen 0.13/turn               (no ring)
MPRegen 0.09/turn               (no ring)

@: hasted, very quick
A: fangs 1, strong nose, distributed training
a: no special abilities


You were in an ossuary.
You visited 1 branch of the dungeon, and saw 1 of its levels.
You also visited: Ossuary.

You collected 23 gold pieces.

Inventory:

Hand Weapons
 a - a +0 hand axe (weapon)
Armour
 b - a +1 leather armour (worn)
Magical Staves
 j - a staff of fire
Wands
 g - a wand of digging (3)
Scrolls
 h - 2 scrolls of enchant armour


   Skills:
 + Level 6.6 Fighting
 + Level 1.1 Short Blades
 + Level 1.1 Long Blades
 + Level 4.6 Axes
 + Level 1.1 Maces & Flails
 + Level 1.1 Polearms
 + Level 1.1 Staves
 + Level 1.1 Slings
 + Level 1.1 Bows
 + Level 1.1 Crossbows
 + Level 1.1 Throwing
 + Level 1.1 Armour
 + Level 4.6 Dodging
 + Level 9.6 Stealth
 + Level 1.1 Shields
 + Level 1.1 Unarmed Combat
 + Level 1.1 Spellcasting
 + Level 0.8 Conjurations
 + Level 0.8 Hexes
 + Level 0.8 Summonings
 + Level 0.8 Necromancy
 + Level 0.8 Translocations
 + Level 0.8 Transmutations
 + Level 0.8 Fire Magic
 + Level 0.8 Ice Magic
 + Level 0.8 Air Magic
 + Level 0.8 Earth Magic
 + Level 0.8 Poison Magic
 + Level 1.2 Invocations
 + Level 1.1 Evocations


You had 5 spell levels left.
You didn't know any spells.
Your spell library was empty.

Dungeon Overview and Level Annotations

Branches:
Dungeon (5/15)            Ossuary (1/1)
 Temple: D:4-7

Altars:


Innate Abilities, Weirdness & Mutations

You have very sharp teeth.
Your uncanny sense of smell can sniff out nearby items.
Your experience applies equally to all skills.


Message History

You barely miss the hound zombie.
The hound zombie is severely damaged.
The hound zombie bites you.
You barely miss the hound zombie. Your bite misses the hound zombie.
The hound zombie is severely damaged.
You hit the human zombie. The hound zombie barely misses you.
You barely miss the hound zombie.
The hound zombie is severely damaged.
You hit the human zombie. The human zombie hits you!
* * * LOW HITPOINT WARNING * * *
The hound zombie bites you.
* * * LOW HITPOINT WARNING * * *
You barely miss the hound zombie. Your bite misses the hound zombie.
The hound zombie is severely damaged.
You hit the human zombie but do no damage.
The hound zombie bites you.
* * * LOW HITPOINT WARNING * * *
The human zombie closely misses you.
You hit the hound zombie.
The hound zombie is almost destroyed.
You barely miss the human zombie.
The hound zombie bites you but does no damage.
You barely miss the hound zombie. Your bite misses the hound zombie.
The hound zombie is almost destroyed.
You hit the human zombie.
The human zombie hits you but does no damage.
The hound zombie closely misses you.
You hit the hound zombie.
You destroy the hound zombie!
You hit the human zombie.
You hit the human zombie but do no damage.
You bite the human zombie, but do no damage.
The human zombie is moderately damaged.
The human zombie hits you but does no damage.
You slash the human zombie!
The human zombie is heavily damaged.
You hit the human zombie.
The human zombie is heavily damaged.
The human zombie hits you.
You die...

...............
...............
...............
...............
...............
...............
...............
.......@Z......
.......∩.......
...............
...............
...............
...............
...............
...............


You could see a human zombie.

Vanquished Creatures
  A centaur zombie (D:5)
  2 hound zombies (Ossuary)
  An adder zombie (Ossuary)
  A gnoll zombie (Ossuary)
  2 goblin zombies (Ossuary)
  A hobgoblin zombie (Ossuary)
  3 orc zombies (Ossuary)
  A rat zombie (Ossuary)
12 creatures vanquished.

Notes
Turn   | Place    | Note
-------+----------+-------------------------------------------
     0 | D:5      | Reached skill level 9 in Stealth
     0 | D:5      | Ijustatesigmund the Gnoll Delver began the quest for the
                  | Orb.
     0 | D:5      | Reached XP level 1. HP: 23/23 MP: 1/1
    63 | D:5      | Reached XP level 2. HP: 15/29 MP: 1/3
    63 | D:5      | Reached XP level 3. HP: 18/35 MP: 1/4
   252 | D:5      | Noticed an ice beast
   334 | D:5      | Found a sand-covered staircase.
   342 | Ossuary  | Entered an ossuary
   356 | Ossuary  | Reached skill level 1 in Invocations
   363 | Ossuary  | Reached skill level 1 in Short Blades
   363 | Ossuary  | Reached skill level 1 in Long Blades
   363 | Ossuary  | Reached skill level 1 in Maces & Flails
   363 | Ossuary  | Reached skill level 1 in Polearms
   363 | Ossuary  | Reached skill level 1 in Staves
   363 | Ossuary  | Reached skill level 1 in Slings
   363 | Ossuary  | Reached skill level 1 in Bows
   363 | Ossuary  | Reached skill level 1 in Crossbows
   363 | Ossuary  | Reached skill level 1 in Throwing
   363 | Ossuary  | Reached skill level 1 in Armour
   363 | Ossuary  | Reached skill level 1 in Shields
   363 | Ossuary  | Reached skill level 1 in Unarmed Combat
   363 | Ossuary  | Reached skill level 1 in Spellcasting
   363 | Ossuary  | Reached skill level 1 in Evocations
   364 | Ossuary  | Reached XP level 4. HP: 27/41 MP: 5/5
   383 | Ossuary  | Slain by a human zombie

Illustrated notes

Levels and vault maps discovered:
D:5:      layout_basic, lightli_ossuary_entry_decrepit_ruins
Ossuary:  ossuary_minmay_tomb_2a

Skill      XL: |  1  2  3 |
---------------+----------+-----
Stealth        | |  9.6
Invocations    | 1 |  1.2
Short Blades   | 1 |  1.1
Long Blades    | 1 |  1.1
Maces & Flails | 1 |  1.1
Polearms       | 1 |  1.1
Staves         | 1 |  1.1
Slings         | 1 |  1.1
Bows           | 1 |  1.1
Crossbows      | 1 |  1.1
Throwing       | 1 |  1.1
Armour         | 1 |  1.1
Shields        | 1 |  1.1
Unarmed Combat | 1 |  1.1
Spellcasting   | 1 |  1.1
Evocations     | 1 |  1.1
Fighting       | |  6.6
Axes           | |  4.6
Dodging        | |  4.6
Conjurations   | |  0.8
Hexes          | |  0.8
Summonings     | |  0.8
Necromancy     | |  0.8
Translocations | |  0.8
Transmutations | |  0.8
Fire Magic     | |  0.8
Ice Magic      | |  0.8
Air Magic      | |  0.8
Earth Magic    | |  0.8
Poison Magic   | |  0.8

Action                   |  1- 3 |  4- 6 || total
-------------------------+-------+-------++-------
Melee: Hand axe          |    28 |    20 ||    48
       Staff             |     4 |       ||     4
       Bite              |     2 |     2 ||     4
  Use: Scroll            |     5 |       ||     5
       Potion            |     2 |       ||     2
 Stab: Sleeping          |     1 |       ||     1
Armor: Leather armour    |    19 |     4 ||    23
Dodge: Dodged            |    47 |     8 ||    55

Table legend: (Time is in decaauts)
 A = Elapsed time spent in this place.
 B = Non-inter-level travel time spent in this place.
 C = Inter-level travel time spent in this place.
 D = Time resting spent in this place.
 E = Time spent auto-exploring this place.
 F = Levels seen in this place.
 G = Mean time per level.
                   A        B        C        D        E       F      G
               +--------+--------+--------+--------+--------+-----+--------+
         Total |    372 |    372 |      0 |      0 |    218 |   2 |  186.0 |
       Dungeon |    342 |    342 |      0 |      0 |    218 |   1 |  342.0 |
       Ossuary |     30 |     30 |      0 |      0 |      0 |   1 |   30.0 |
               +--------+--------+--------+--------+--------+-----+--------+

Top non-repeatable levels by time:
     D:5: 342 daAuts
 Ossuary: 30 daAuts
